 Dungeon Crawl Stone Soup version 0.17-a0-2231-gd80ca38 (webtiles) character file.

98 Raultor the Sneak (level 4, 0/27 HPs)
             Began as an Octopode Enchanter on Oct 29, 2015.
             Was an Initiate of Dithmenos.
             Slain by Grinder (5 damage)
             ... while paralysed by Grinder
             ... on level 3 of the Dungeon.
             The game lasted 00:09:31 (2631 turns).

Raultor the Sneak (Octopode Enchanter)              Turns: 2631, Time: 00:09:31

Health: 0/27       AC:  1    Str:  7    XL:     4   Next: 71%
Magic:  4/7        EV:  2    Int: 18    God:    Dithmenos [......]
Gold:   165        SH:  0    Dex: 12    Spells: 3 memorised, 1 level left

rFire  . . .     SeeInvis .     q - +0 rapier
rCold  . . .     Clarity  .     (no shield)
rNeg   . . .     SustAt   .     (helmet restricted)
rPois  .         Gourm    .     (no amulet)
rElec  .         Spirit   .     (no ring)
rCorr  .         Warding  .     (no ring)
rMut   .         Stasis   .     (no ring)
MR     .....                    (no ring)
Stlth  ++++......               (no ring)
                                (no ring)
                                (no ring)
                                (no ring)

@: paralysed, not resistant to hostile enchantments, stealthy
A: almost no armour, amphibious, 8 rings, constrict 8, camouflage 1, gelatinous
body 1
a: Renounce Religion


You were on level 3 of the Dungeon.
You worshipped Dithmenos.
Dithmenos was noncommittal.
You were not hungry.

You visited 1 branch of the dungeon, and saw 3 of its levels.

You collected 165 gold pieces.

Inventory:

Hand Weapons
 a - a +1 dagger
 e - a +1 short sword of draining
 q - a +0 rapier (weapon)
Missiles
 h - 8 tomahawks (quivered)
Jewellery
 p - a cursed -2 ring of dexterity {unknown}
Scrolls
 d - 2 scrolls of remove curse {unknown}
 g - 2 scrolls of enchant weapon {unknown}
 l - 2 scrolls of identify {unknown}
 o - a scroll of magic mapping {unknown}
 r - a scroll of fear {unknown}
 s - a scroll of fog {unknown}
Potions
 f - a potion of curing
 i - a potion of agility {unknown}
 j - a potion of lignification {unknown}
 m - a potion of might {unknown}
 t - a potion of poison {unknown}
Books
 b - a book of Maledictions

   Spells                             Type                      Level
   a - Corona                         Hexes                        1
   b - Ensorcelled Hibernation        Hexes/Ice                    2
   c - Confuse                        Hexes                        3
   d - Tukima's Dance                 Hexes                        3
   e - Dazzling Spray                 Conjuration/Hexes            3
Comestibles
 c - 4 bread rations
 k - a meat ration
 n - a beef jerky


   Skills:
 - Level 0.2 Fighting
 + Level 1.6 Short Blades
 - Level 0.4 Throwing
 - Level 2.0 Dodging
 - Level 6.1 Stealth
 - Level 2.0 Spellcasting
 * Level 3.7 Hexes
 + Level 0.2 Ice Magic


You had one spell level left.
You knew the following spells:

 Your Spells              Type           Power        Failure   Level  Hunger
a - Corona                Hex            ###....      4%          1    #......
b - Ensorcelled Hibernat  Hex/Ice        #.....       14%         2    ###....
c - Tukima's Dance        Hex            ###.....     14%         3    ###....


Dungeon Overview and Level Annotations

Branches:
Dungeon (3/15)

Altars:
Dithmenos
Kikubaaqudgha
Xom

Annotations:
D:3 Grinder


Innate Abilities, Weirdness & Mutations

You cannot wear most types of armour.
You are amphibious.
You can wear up to eight rings at the same time.
You can use your tentacles to constrict eight enemies at once.
Your skin changes colour to match your surroundings (Stealth).
Your rubbery body absorbs attacks (AC +1).


Message History

Grinder is lightly wounded.
Grinder barely misses you.
You closely miss Grinder. You grab Grinder.
Grinder is lightly wounded.
You constrict Grinder, but do no damage.
Grinder gestures at you.
You barely resist. You hit Grinder but do no damage.
You squeeze Grinder, but do no damage.
Grinder is lightly wounded.
You constrict Grinder. Grinder hits you.
You writhe in agony.
You completely miss Grinder.
Grinder is lightly wounded.
You constrict Grinder, but do no damage.
Grinder hits you!
You writhe in agony.
* * * LOW HITPOINT WARNING * * *
Grinder says, "At least Makhleb appreciates what I'm doing."
Grinder gestures at you.
You suddenly lose the ability to move!
You lose your grip on Grinder.
Grinder hits you.
You die...

)[....# ###)#...#..#
#...'... ##''####
#..###..####...#####
.......##
#.##.##......#####
........## #.........####
.........###.........#
..........###.##+##..####
...........##.##........#
............#.#.........#
............# ##@#.#....#
.#..#.......#..5.....##.#
............#....#.###
..# ............#.####+#
.♣ .#..#.......#. ≈
............#
............#
...........##
..........##


You could see Grinder.

Vanquished Creatures
  An orc wizard (D:3)
  An adder (D:2)
  2 worms
  2 orcs (D:3)
  A ball python (D:2)
  2 giant cockroaches
  7 hobgoblins
  3 jackals (D:1)
  9 kobolds
  A quokka (D:2)
  9 bats
  3 giant geckos
  4 giant newts
  8 goblins
  4 rats
57 creatures vanquished.

Vanquished Creatures (collateral kills)
  An orc (D:3)
1 creature vanquished.

Vanquished Creatures (others)
  A dancing weapon (D:3)
1 creature vanquished.

Grand Total: 59 creatures vanquished

Notes
Turn   | Place    | Note
--------------------------------------------------------------
     0 | D:1      | Raultor the Octopode Enchanter began the quest for the Orb.
     0 | D:1      | Reached XP level 1. HP: 11/11 MP: 3/3
   391 | D:1      | Reached XP level 2. HP: 13/17 MP: 5/5
   474 | D:1      | Learned a level 2 spell: Ensorcelled Hibernation
   935 | D:1      | Reached skill level 5 in Stealth
   935 | D:1      | Reached XP level 3. HP: 21/21 MP: 6/6
  1042 | D:1      | Learned a level 3 spell: Tukima's Dance
  1239 | D:2      | Found a shadowy altar of Dithmenos.
  1245 | D:2      | Became a worshipper of Dithmenos the Shadowed
  1518 | D:2      | Found an ancient bone altar of Kikubaaqudgha.
  1627 | D:2      | Found a shimmering altar of Xom.
  1628 | D:2      | Found a shimmering altar of Xom.
  1629 | D:2      | Found a shimmering altar of Xom.
  1828 | D:3      | Reached XP level 4. HP: 19/27 MP: 7/7
  2229 | D:3      | HP: 1/27 [something/puff of flame (10)]
  2230 | D:3      | Reached skill level 6 in Stealth
  2622 | D:3      | Noticed Grinder
  2630 | D:3      | Paralysed by Grinder for 3 turns
  2631 | D:3      | Slain by Grinder

Vault maps used:
D:1:      sevenhm_arrival_forest_fort_small_4, serial_bayou_pond_c
D:2:      xom_redecorated, grunt_dithmenos_smoke_and_mirrors, lemuel_round_altar
D:3:      kennysheep_big_flooded_room, lemuel_coloured_pillars_altar,
          overflow_temple_1_default, marbit_many_paths, first_bread,
          nrook_mini_backslash, serial_bayou_ford_a, uniq_grinder

Action                   |  1- 3 |  4- 6 || total
-------------------------+-------+-------++-------
Melee: Dagger            |     7 |       ||     7
       Short sword       |    68 |    25 ||    93
       Rapier            |       |     9 ||     9
Throw: Tomahawk          |     4 |     9 ||    13
 Cast: Corona            |     3 |       ||     3
       Tukima's Dance    |       |     3 ||     3
       Ensorcelled Hiber |       |     2 ||     2
  Use: Potion            |       |     1 ||     1
 Stab: Sleeping          |    13 |     4 ||    17
       Distracted        |     1 |       ||     1
  Eat: Chunk             |     3 |     2 ||     5
       Beef jerky        |       |     1 ||     1
